 Dungeon Crawl Stone Soup version 0.29.0-11-gd7f09526c8 (webtiles) character file.

Game seed: 17846554989355439303

36 NinjaNoafa the Chucker (level 3, 29/29 HPs)
             Began as a Draconian Wanderer on Sept 3, 2022.
             Quit the game on level 2 of the Dungeon.
             The game lasted 00:05:57 (1069 turns).

NinjaNoafa the Chucker (Draconian Wanderer)         Turns: 1069, Time: 00:05:57

Health: 29/29      AC:  5    Str:  9 (12) XL:     3   Next: 19%
Magic:  4/4        EV: 11    Int: 10 (12) God:
Gold:   63         SH:  0    Dex: 15 (16) Spells: 3/4 levels left

rFire   . . .      SeeInvis +   a - +1 whip (drain)
rCold   + . .      Faith    .   (no shield)
rNeg    . . .      Spirit   .   (body armour unavailable)
rPois   .          Reflect  .   (helmet restricted)
rElec   .          Harm     .   (no cloak)
rCorr   .          Rampage  .   (no gloves)
Will    .....      Clarity  +   (no boots)
Stlth   +.........              (no amulet)
HPRegen 0.09/turn               (no ring)
MPRegen 0.09/turn               (no ring)

@: no status effects
A: AC +5, unfitting armour, cold-blooded, see invisible, agile 1, clarity, cold
resistance 1
a: no special abilities


You were on level 2 of the Dungeon.
You visited 1 branch of the dungeon, and saw 2 of its levels.

You collected 63 gold pieces.

Inventory:

Hand Weapons
 a - a +1 whip of draining (weapon)
 i - a +0 mace of venom
Missiles
 b - 4 curare-tipped darts
 f - 2 poisoned darts
 g - 7 stones
Magical Staves
 h - a staff of earth
Jewellery
 c - a ring of positive energy
Scrolls
 e - a scroll of magic mapping {unknown}
Potions
 d - a potion of brilliance {unknown}


   Skills:
 - Level 2.1 Fighting
 - Level 2.5 Short Blades
 + Level 1.1 Maces & Flails
 - Level 2.6 Throwing
 - Level 1.0 Dodging
 - Level 1.0 Spellcasting
 - Level 2.0 Air Magic
 - Level 1.0 Evocations


You had 3 spell levels left.
You knew the following spells:

 Your Spells              Type           Power      Damage    Failure   Level
a - Shock                 Conj/Air       8%         1d3       22%         1

Your spell library contained the following spells:

 Spells                   Type           Power      Damage    Failure   Level
 Mephitic Cloud           Conj/Pois/Air  1%         N/A       63%         3


Dungeon Overview and Level Annotations

Branches:
Dungeon (2/15)

Altars:

Shops:
D:2 (

Annotations:
D:2 Natasha


Innate Abilities, Weirdness & Mutations

Your plain brown scales are hard. (AC +5)
You cannot fit into any form of body armour.
You are cold-blooded and may be slowed by cold attacks.
You have supernaturally acute eyesight. (SInv)
You are agile. (Dex +4, Str/Int -1)
You possess an exceptional clarity of mind.
Your flesh is cold resistant. (rC+)


Message History

You are very lightly contaminated with residual magic.
Nothing appears to happen.
You are too injured to fight recklessly!
Casting: Shock (safe; 22% risk of failure)
Confirm with . or Enter, or press ? or * to list all spells.
Aiming: Shock (safe; 22% risk of failure)
Press: ? - help, Shift-Dir - straight line The zap hits the goblin.
The goblin is severely wounded.
You barely miss the goblin.
The goblin is severely wounded.
The goblin hits you with a +0 dagger.
* * * LOW HITPOINT WARNING * * *
Casting: Shock (safe; 22% risk of failure)
Confirm with . or Enter, or press ? or * to list all spells.
Aiming: Shock (safe; 22% risk of failure)
Press: ? - help, Shift-Dir - straight line, f - goblin
Aim: a goblin, wielding a +0 dagger and wearing a ring of positive energy (severely wounded, 55% to hit)
The zap misses the goblin.
The goblin misses you.
You hit the goblin.
You kill the goblin!
Your magical contamination has completely faded away.
Magic restored.
HP restored.
c - a ring of positive energy
Things that are here:
a +0 dagger; a +0 whip; a goblin skeleton You now have 63 gold pieces (gained 16).
d - a metallic yellow potion
Found a club.
You see here a kobold skeleton.
Found a ring mail.
You see here a +2 helmet.
You see here a +2 helmet.
Found a stone staircase leading down.
You see here a +2 helmet.
You see here a +0 club.
You see here a +0 ring mail.
e - a scroll labelled UFAOMAEP FUEK Are you sure you want to abandon this character and quit the game? (Confirm with "yes".)

## #. .. ..### #. g# .... ..
#.#.## #..# ... ....###..##
...## ..........# h.<..##..##
#.@.## .......†..###....# ..
#.......#.....# ##..
###...##..##..## ...#
#####.....##.##...# ≈≈..#
#............###..####.~≈.#~
#.##...∩...### ##.......~≈.#
###.##..†.....#####....#...... ≈
......#†)...#.[.....).[....##≈≈≈


There were no monsters in sight!

Vanquished Creatures
  A dart slug (D:2)
  2 endoplasms (D:1)
  3 giant cockroaches
  5 goblins
  2 hobgoblins
  4 jackals (D:2)
  A frilled lizard (D:2)
  8 kobolds
  5 rats
31 creatures vanquished.

Notes
Turn   | Place    | Note
-------+----------+-------------------------------------------
     0 | D:1      | NinjaNoafa the Draconian Wanderer began the quest for the
                  | Orb.
     0 | D:1      | NinjaNoafa set off with the following items: a +3 dagger, 4
                  | curare-tipped darts, a scroll of teleportation; and the
                  | following spell memorised: Shock; and the following spells
                  | available to memorise: Mephitic Cloud.
     0 | D:1      | Reached XP level 1. HP: 17/17 MP: 2/2
    81 | D:1      | Reached skill level 1 in Short Blades
   182 | D:1      | Reached XP level 2. HP: 24/24 MP: 3/3
   342 | D:1      | You fall into a shaft and drop 1 floor!
   371 | D:2      | Gained mutation: You have supernaturally acute eyesight.
                  | (SInv) [potion of mutation]
   371 | D:2      | Gained mutation: You possess an exceptional clarity of
                  | mind. [potion of mutation]
   371 | D:2      | Gained mutation: Your flesh is cold resistant. (rC+)
                  | [potion of mutation]
   371 | D:2      | Gained mutation: You are agile. (Dex +4, Str/Int -1)
                  | [potion of mutation]
   470 | D:2      | Found Deodoz's Weapon Emporium.
   600 | D:2      | Reached XP level 3. HP: 27/29 MP: 4/4
   668 | D:2      | Reached skill level 1 in Maces & Flails
   674 | D:2      | Noticed Natasha
  1069 | D:2      | Quit the game

Illustrated notes

Levels and vault maps discovered:
D:1:      ncdulo_lavacross, layout_basic,
          dreamdust_ecumenical_altar_hidden_monk_grotto
D:2:      layout_rooms, serial_shops, nicolae_shop_bloodbath_and_beyond,
          chequers_serial_rivers_small_b, chequers_serial_rivers_micro_e,
          uniq_natasha

Skill      XL: |  1  2  3 |
---------------+----------+-----
Short Blades   | 1 2 |  2.5
Maces & Flails | 1 |  1.1
Fighting       | |  2.1
Throwing       | |  2.6
Dodging        | |  1.0
Spellcasting   | |  1.0
Air Magic      | |  2.0
Evocations     | |  1.0

Action                   || total
-------------------------++-------
Melee: Dagger            ||    43
       Mace              ||    19
       Tailslap          ||     6
       Punch             ||     2
       Whip              ||     7
Throw: Dart              ||     2
 Cast: Shock             ||    22
  Use: Potion            ||     6
       Scroll            ||     2
Armor: Skin              ||    46
Dodge: Dodged            ||    74
